 Dungeon Crawl Stone Soup version 0.28.0 (webtiles) character file.

Game seed: 4159225172131697336

306 HallandMoats the Skirmisher (level 6, -2/44 HPs)
             Began as an Octopode Monk on Feb 7, 2022.
             Was a Believer of Qazlal.
             Slain by an orc (8 damage)
             ... on level 4 of the Dungeon.
             The game lasted 00:03:26 (3983 turns).

HallandMoats the Skirmisher (Octopode Monk)         Turns: 3983, Time: 00:03:27

Health: -2/44      AC:  1    Str: 13    XL:     6   Next: 39%
Magic:  7/7        EV: 14    Int: 12    God:    Qazlal [**....]
Gold:   119        SH:  3    Dex: 14    Spells: 5/5 levels left

rFire   . . .      SeeInvis .     - Unarmed
rCold   . . .      Faith    .   (no shield)
rNeg    . . .      Spirit   .   (helmet restricted)
rPois   .          Reflect  .   (no amulet)
rElec   .          Harm     .   (no ring)
rCorr   .          Rampage  .   (no ring)
Will    .....                   (no ring)
Stlth   +++.......              (no ring)
HPRegen 0.14/turn               (no ring)
MPRegen 0.10/turn               (no ring)
                                (no ring)
                                (no ring)

@: no status effects
A: almost no armour, amphibious, 8 rings, camouflage 1, gelatinous body 1,
(nimble swimmer 1), tentacles
a: Renounce Religion, Upheaval


You were on level 4 of the Dungeon.
You worshipped Qazlal.
Qazlal was pleased with you.
You visited 1 branch of the dungeon, and saw 4 of its levels.

You collected 119 gold pieces.

Inventory:

Armour
 n - a +2 hat
Jewellery
 m - a ring of ice
Wands
 l - a wand of iceblast (7)
Scrolls
 b - a scroll of amnesia {unknown}
 c - a scroll of teleportation {unknown}
 e - a scroll of identify {unknown}
 g - a scroll of magic mapping {unknown}
 i - 2 scrolls of acquirement {unknown}
Potions
 a - a potion of magic {unknown}
 d - a potion of lignification {unknown}
 f - a potion of mutation {unknown}
 h - a potion of curing {unknown}
 j - a potion of heal wounds {unknown}
 k - a potion of resistance {unknown}


   Skills:
 * Level 4.3 Fighting
 * Level 4.3 Dodging
 + Level 4.2 Stealth
 * Level 4.2 Unarmed Combat
 + Level 1.9 Invocations


You had 5 spell levels left.
You didn't know any spells.
Your spell library was empty.

Dungeon Overview and Level Annotations

Branches:
Dungeon (4/15)
 Temple: D:4-7

Altars:
Qazlal
Vehumet

Shops:
D:3 (   D:4 *


Innate Abilities, Weirdness & Mutations

You cannot wear most types of armour.
You are amphibious.
You can wear up to eight rings at the same time.
Your skin changes colour to match your surroundings (Stealth+).
Your rubbery body absorbs attacks. (AC +1, EV +1)
((You are camouflaged when in or above water. (Stealth+)))
You have tentacles for arms and can constrict up to eight enemies at once.


Message History

You are too injured to fight recklessly!
You are too injured to fight recklessly!
You are too injured to fight recklessly!
Unknown command.
You are too injured to fight recklessly!
You see here a +2 hat.
n - a +2 hat The orc wizard barely misses you.
The orc misses you.
You tentacle-slap the orc wizard. You grab the orc wizard.
The orc wizard is moderately wounded.
You constrict the orc wizard.
The orc wizard hits you with a +0 dagger.
The orc hits you with a +0 short sword.
* * * LOW HITPOINT WARNING * * *
You release your grip on the orc wizard.
You barely miss the orc wizard. Your grab misses the orc wizard.
The orc wizard is heavily wounded.
The orc barely misses you. The orc wizard barely misses you.
The orc is engulfed in freezing vapours.
You kill the orc!
Qazlal accepts your kill.
You closely miss the orc wizard. You grab the orc wizard.
You tentacle-slap the orc wizard, but do no damage.
The orc wizard is heavily wounded.
You constrict the orc wizard, but do no damage.
You block the orc's attack. The orc wizard misses you.
You completely miss the orc wizard.
The orc wizard is heavily wounded.
You constrict the orc wizard. The orc closely misses you.
The orc wizard points at you and mumbles some strange words.
The puff of flame hits you.
* * * LOW HITPOINT WARNING * * *
You tentacle-slap the orc wizard but do no damage.
You squeeze the orc wizard.
The orc wizard is almost dead.
You constrict the orc wizard.
You kill the orc wizard!
Qazlal accepts your kill. The orc hits you with a +0 mace!
You die...

#.. #.#
#####.#####.#
#....<......#
#.......###.###
#[.#.#..#)....#
#...#...#.......#
#.....∩..°o.......
....#...#@#.....##
#....#.#).#.....#
.........###.###
#.#####.# .# # #.#
# #.. #.# ..# #.#


You could see an orc.

Vanquished Creatures
  A scorpion (D:4)
  Jessica (D:2)
  Terence (D:3)
  Natasha (thrice) (D:2)
  An orc wizard (D:4)
  Robin (D:2)
  2 adders (D:2)
  A worm (D:2)
  5 orcs
  6 ball pythons
  9 endoplasms
  11 hobgoblins
  4 quokkas
  10 bats
  2 frilled lizards
  16 goblins
  5 kobolds
  3 rats
82 creatures vanquished.

Vanquished Creatures (others)
  2 fungi (D:3)
2 creatures vanquished.

Grand Total: 84 creatures vanquished

Notes
Turn   | Place    | Note
-------+----------+-------------------------------------------
     0 | D:1      | HallandMoats the Octopode Monk began the quest for the Orb.
     0 | D:1      | Reached XP level 1. HP: 16/16 MP: 1/1
   305 | D:1      | Reached XP level 2. HP: 19/21 MP: 2/2
   522 | D:1      | Reached XP level 3. HP: 23/26 MP: 3/3
  1082 | D:2      | Noticed Natasha
  1093 | D:2      | Killed Natasha
  1094 | D:2      | Reached XP level 4. HP: 16/31 MP: 4/4
  1277 | D:2      | Reached skill level 1 in Invocations
  1497 | D:2      | Noticed Robin
  1510 | D:2      | Killed Robin
  1818 | D:2      | Noticed Natasha
  1890 | D:2      | Killed Natasha
  1891 | D:2      | Reached XP level 5. HP: 9/37 MP: 5/5
  2203 | D:2      | Noticed Natasha
  2223 | D:2      | Killed Natasha
  2814 | D:2      | Noticed Jessica
  2828 | D:2      | Killed Jessica
  3005 | D:3      | Found a stormy altar of Qazlal.
  3006 | D:3      | Noticed a fire elemental
  3006 | D:3      | Noticed an air elemental
  3007 | D:3      | Noticed a water elemental
  3012 | D:3      | Became a worshipper of Qazlal Stormbringer
  3012 | D:3      | Reached * piety under Qazlal
  3012 | D:3      | Reached ** piety under Qazlal
  3122 | D:3      | Found Qoqothre's Antique Weapon Shoppe.
  3443 | D:3      | Noticed Terence
  3463 | D:3      | Killed Terence
  3464 | D:3      | Reached XP level 6. HP: 36/43 MP: 7/7
  3641 | D:3      | Found a radiant altar of Vehumet.
  3801 | D:3      | Found a faded altar of an unknown god.
  3964 | D:4      | Found Botryime's Overcharged Wands.
  3983 | D:4      | Slain by an orc

Illustrated notes

Levels and vault maps discovered:
D:1:      lightli_arrival_boilingwater, layout_loops_cross,
          corexii_leaking_fountain
D:2:      layout_loops_cross, uniq_robin, uniq_natasha, uniq_jessica
D:3:      layout_loops_ring, nicolae_vehumet_radiance,
          nicolae_qazlal_style_of_elements, serial_shops, shop, serial_rivers,
          chequers_serial_rivers_small_b, chequers_serial_rivers_micro_a,
          chequers_serial_rivers_micro_a, chequers_serial_rivers_micro_c,
          chequers_serial_rivers_micro_d, chequers_serial_rivers_large_b,
          shapermc_ecumenical_altar_acropolis, corexii_hall_statues_u,
          uniq_terence
D:4:      wad_lake_hut, layout_loops_ring, gup_sewer_entry_spiral,
          nicolae_shop_overcharged_wands

Skill      XL: |  1  2  3  4  5 |
---------------+----------------+-----
Stealth        | 3 4 |  4.2
Invocations    | 1 |  1.9
Dodging        | 4 |  4.3
Fighting       | 4 |  4.3
Unarmed Combat | 4 |  4.2

Action                   |  1- 3 |  4- 6 || total
-------------------------+-------+-------++-------
Melee: Unarmed           |    55 |   126 ||   181
       Constrict         |    15 |    34 ||    49
       Tentacles         |    11 |    34 ||    45
       Punch             |     2 |     3 ||     5
 Stab: Sleeping          |     8 |     5 ||    13
       Distracted        |     1 |       ||     1
Armor: Skin              |     4 |     7 ||    11
Dodge: Dodged            |    32 |    86 ||   118
Block: Other             |       |     7 ||     7
